 Dungeon Crawl Stone Soup version 0.30-a0-778-g2ef04afb54 (webtiles) character file.

Game seed: 2687293173467124608

646 Twinkles the Trooper (level 7, 0/46 HPs)
             Began as a Gargoyle Hexslinger on Feb 17, 2023.
             Slain by a phantom (6 damage)
             ... on level 4 of the Dungeon.
             The game lasted 00:08:52 (3405 turns).

Twinkles the Trooper (Gargoyle Hexslinger)          Turns: 3405, Time: 00:08:53

Health: 0/46       AC: 11    Str: 16    XL:     7   Next: 52%
Magic:  8/8        EV: 10    Int: 13    God:
Gold:   295        SH:  5    Dex: 10    Spells: 7/8 levels left

rFire   . . .      SeeInvis .    B - +1 rapier (elec)
rCold   + . .      Faith    .    (no shield)
rNeg    + . .      Spirit   .    g - +0 scale mail
rPois   ∞          Reflect  +    (no helmet)
rElec   +          Harm     .    x - +0 cloak
rCorr   +          Rampage  .    (no gloves)
Will    .....                    (no boots) Stlth
                                 u - amulet of reflection
HPRegen 0.27/turn                n - ring of resist corrosion
MPRegen 0.11/turn                z - ring of protection from cold

@: no status effects
A: sickness immunity, AC +4, negative energy resistance 1, electricity
resistance, torment resistance 1, petrification resistance
a: no special abilities


You were on level 4 of the Dungeon.
You visited 1 branch of the dungeon, and saw 5 of its levels.

You collected 295 gold pieces.

Inventory:

Hand Weapons
 a - a +1 sling
 b - a +1 dagger of draining
 c - a +0 flail
 B - a +1 rapier of electrocution (weapon)
Missiles
 m - a throwing net
Armour
 g - a +0 scale mail (worn)
 x - a +0 cloak (worn)
Jewellery
 n - a ring of resist corrosion (left hand)
 u - an amulet of reflection (around neck)
 v - a ring of wizardry
 z - a ring of protection from cold (right hand)
Wands
 q - a wand of flame (37)
Scrolls
 d - 3 scrolls of vulnerability {unknown}
 e - 4 scrolls of teleportation {unknown}
 i - 2 scrolls of poison
 j - 3 scrolls of identify {unknown}
 l - a scroll of enchant weapon {unknown}
 r - a scroll of noise {unknown}
 t - a scroll of fear {unknown}
 y - a scroll of immolation {unknown}
 A - 2 scrolls of butterflies {unknown}
Potions
 f - 2 potions of brilliance {unknown}
 h - a potion of degeneration {unknown}
 k - 3 potions of lignification {unknown}
 o - a potion of attraction {unknown}
 p - a potion of flight {unknown}
 s - 2 potions of curing {unknown}
 w - a potion of heal wounds {unknown}


   Skills:
 + Level 6.1 Fighting
 - Level 2.0 Ranged Weapons
 + Level 4.9 Dodging
 - Level 1.0 Spellcasting
 - Level 2.6 Hexes


You had 7 spell levels left.
You knew the following spells:

 Your Spells              Type           Power      Damage    Failure   Level
a - Slow                  Hex            28%        N/A       34%         1

Your spell library contained the following spells:

 Spells                   Type           Power      Damage    Failure   Level
 Confusing Touch          Hex            7%         N/A       71%         3
 Tukima's Dance           Hex            7%         N/A       71%         3
 Inner Flame              Hex/Fire       4%         N/A       88%         3
 Portal Projectile        Hex/Tloc       8%         N/A       88%         3
 Vampiric Draining        Necr           0%         2d6       97%         3
 Cause Fear               Hex            3%         N/A       98%         4
 Flame Wave               Conj/Fire      0%         2d4       100%        4
 Olgreb's Toxic Radiance  Pois           0%         N/A       100%        4
 Passage of Golubria      Tloc           0%         N/A       100%        4
 Petrify                  Tmut/Erth      0%         N/A       100%        4
 Sticky Flame             Conj/Fire      0%         2d3       100%        4
 Irradiate                Conj/Tmut      0%         3d11      100%        5
 Summon Forest            Summ/Tloc      0%         N/A       100%        5
 Summon Mana Viper        Hex/Summ       4%         N/A       100%        5
 Yara's Violent Unravell  Hex/Tmut       2%         3d3       100%        5
 Summon Cactus Giant      Summ           0%         N/A       100%        6
 Ozocubu's Refrigeration  Ice            0%         4d7       100%        7
 Ignition                 Fire           0%         3d3       100%        8
 Sublimation of Blood     Necr           Unusable   N/A       N/A         2

Dungeon Overview and Level Annotations

Branches:
Dungeon (5/15) Zot: 26543
 Temple: D:4-7

Altars:
Elyvilon
Kikubaaqudgha

Annotations:
D:5 Dowan


Innate Abilities, Weirdness & Mutations

You are immune to sickness and miasma.
Your stone body is resilient. (AC +4)
You are immune to poison.
You resist negative energy. (rN+)
You are resistant to electric shocks. (rElec)
You are resistant to unholy torment.
You are immune to petrification.


Message History

Dowan blinks!
You block the phantom's attack.
Dowan zaps a wand.
The puff of flame hits you!
* * * LOW HITPOINT WARNING * * *
You hit the phantom.
The phantom is moderately damaged.
The phantom hits you but does no damage.
Dowan gestures wildly while chanting.
Dowan blinks!
You hit the phantom.
The phantom is heavily damaged.
The phantom misses you.
You miss the phantom.
The phantom is moderately damaged.
The phantom hits you.
* * * LOW HITPOINT WARNING * * *
The phantom blinks!
You blink.
A white imp comes into view.
Found a book of Annihilations.
Dowan gestures wildly while chanting.
Dowan blinks!
The phantom attacks as you move away!
The phantom hits you but does no damage.
Dowan attacks as you move away! Dowan hits you but does no damage.
Dowan mumbles some strange words.
Dowan blinks!
The phantom attacks as you move away! The phantom hits you.
* * * LOW HITPOINT WARNING * * *
There is a stone staircase leading up here.
The phantom hits you but does no damage.
You climb upwards.
There is a stone staircase leading down here.
You barely miss the phantom.
The phantom is moderately damaged.
The phantom hits you.
* * * LOW HITPOINT WARNING * * *
The phantom blinks!
You blink.
You hit the phantom.
The phantom is heavily damaged.
The phantom closely misses you. The phantom hits you.
You die...

###################
#........'...#....#
#....<<..#...#....#
#...##..##...#....#
#...##..##...#....#
#...)......§.#...#######
#...##...)§..#...##..#_##
#...##...W@..#...#8.....#
#...##..##>..#...###..###
#...##..##...'...#_....#
#.......##...##..###..###
#...)...##...##..##.....#
#...##.......#...###..###
#...##.......#...##.....#
#...##..##...#...###..###
#...##..##...#...##....#


You could see a phantom.

Vanquished Creatures
  Duvessa (D:5)
  An ogre (D:4)
  2 scorpions
  3 killer bees (D:5)
  A howler monkey (D:4)
  An iguana (D:5)
  5 adders
  An ufetubus (D:4)
  A worm (D:2)
  2 dart slugs (D:1)
  2 orcs (D:4)
  5 bats
  15 endoplasms
  3 giant cockroaches
  4 goblins
  9 hobgoblins
  2 jackals (D:4)
  8 kobolds
  4 quokkas
  5 ball pythons
  3 frilled lizards
  2 rats
80 creatures vanquished.

Vanquished Creatures (others)
  3 plants (D:5)
3 creatures vanquished.

Grand Total: 83 creatures vanquished

Notes
Turn   | Place    | Note
-------+----------+-------------------------------------------
     0 | D:1      | Twinkles the Gargoyle Hexslinger began the quest for the
                  | Orb.
     0 | D:1      | Reached XP level 1. HP: 12/12 MP: 2/2
   165 | D:1      | Reached XP level 2. HP: 17/17 MP: 3/3
   305 | D:1      | Reached skill level 2 in Fighting
   644 | D:1      | Reached XP level 3. HP: 18/22 MP: 4/4
  1334 | D:2      | Found a faded altar of an unknown god.
  1667 | D:2      | Reached skill level 3 in Fighting
  1667 | D:2      | Reached XP level 4. HP: 22/28 MP: 5/5
  2581 | D:4      | Reached XP level 5. HP: 32/32 MP: 6/6
  2598 | D:4      | Noticed an ogre
  2857 | D:4      | Found a white marble altar of Elyvilon.
  2859 | D:4      | Found an ancient bone altar of Kikubaaqudgha.
  2970 | D:4      | Reached skill level 4 in Fighting
  2990 | D:4      | Reached XP level 6. HP: 39/39 MP: 7/7
  3152 | D:5      | Entered Level 5 of the Dungeon
  3186 | D:5      | Reached skill level 5 in Fighting
  3241 | D:5      | Reached XP level 7. HP: 34/44 MP: 8/8
  3339 | D:5      | Noticed Duvessa
  3345 | D:5      | Noticed Dowan
  3371 | D:5      | Killed Duvessa
  3372 | D:5      | Reached skill level 6 in Fighting
  3391 | D:5      | HP: 9/46 [Dowan/puff of flame (9)]
  3401 | D:5      | HP: 5/46 [phantom (5)]
  3405 | D:4      | Slain by a phantom

Illustrated notes

Levels and vault maps discovered:
D:1:      amcnicky_arrival_double_pillar, layout_loops_corners
D:2:      layout_loops_cross, shapermc_ecumenical_altar_mp_ritualfount
D:3:      layout_loops_ring, corexii_hall_statues_u, eino_curves_03,
          amcnicky_mini_corridor_feature, due_unseen_surprise
D:4:      layout_gridville, minitemple, minmay_pentangle
D:5:      layout_loops_ring, mainiacjoe_overflow_boulevard, serial_shops,
          nicolae_square_shop, minmay_chambers_of_fives, uniq_eustachio,
          uniq_duvessa, uniq_crazy_yiuf_cottage, uniq_ijyb

Skill      XL: |  1  2  3  4  5  6  7 |
---------------+----------------------+-----
Dodging        | 2 3 4 |  4.9
Fighting       | 2 3 4 5 6 |  6.1
Ranged Weapons | |  2.0
Spellcasting   | |  1.0
Hexes          | |  2.6

Action                     |  1- 3 |  4- 6 |  7- 9 || total
---------------------------+-------+-------+-------++-------
  Melee: Dagger            |     7 |   173 |    72 ||   252
         Punch             |       |     1 |     2 ||     3
         Rapier            |       |       |     9 ||     9
   Fire: Sling             |   115 |     8 |       ||   123
   Cast: Slow              |     2 |       |       ||     2
 Armour: Robe              |     9 |       |       ||     9
         Scale mail        |    34 |    81 |    46 ||   161
  Dodge: Dodged            |    42 |    89 |    40 ||   171
  Block: Other             |       |    32 |    24 ||    56

Table legend: (Time is in decaauts)
 A = Elapsed time spent in this place.
 B = Non-inter-level travel time spent in this place.
 C = Inter-level travel time spent in this place.
 D = Time resting spent in this place.
 E = Time spent auto-exploring this place.
 F = Levels seen in this place.
 G = Mean time per level.
                   A        B        C        D        E       F      G
               +--------+--------+--------+--------+--------+-----+--------+
         Total |   3455 |   3240 |    215 |     17 |   2511 |   5 |  691.0 |
       Dungeon |   3455 |   3240 |    215 |     17 |   2511 |   5 |  691.0 |
               +--------+--------+--------+--------+--------+-----+--------+

Top non-repeatable levels by time:
     D:3: 944 daAuts
     D:1: 943 daAuts
     D:2: 787 daAuts
     D:4: 527 daAuts
     D:5: 252 daAuts
